 Dungeon Crawl Stone Soup version 0.30.0-5-g1a98f26d00 (webtiles) character file.

Game seed: 10975881353662294193

298 destino the Insei (level 6, -15/47 HPs)
             Began as a Demonspawn Monk on May 11, 2023.
             Was a Believer of Makhleb.
             Demolished by an ogre
             ... wielding a +0 giant spiked club
              (22 damage)
             ... on level 4 of the Dungeon.
             The game lasted 00:05:53 (3545 turns).

destino the Insei (Demonspawn Monk)                 Turns: 3545, Time: 00:05:54

Health: -15/47     AC: 18    Str: 13    XL:     6   Next: 13%
Magic:  7/7        EV: 10    Int: 11    God:    Makhleb [**....]
Gold:   203        SH:  0    Dex: 18    Spells: 5/5 levels left

rFire   + .          .
                       - Unarmed
rCold   . . .        c - orb {light}
rNeg    . . .        j - +0 scale mail
rPois   .            B - +0 helmet "Xysuq" {rElec Dex+2}
rElec   +            (no cloak)
rCorr   .            C - +0 pair of gloves
SInv    .            (no boots)
Will    .....        (no amulet) Stlth
                     u - +4 ring of protection
HPRegen 0.27/turn    w - ring of protection from fire
MPRegen 0.10/turn

%: no passive effects
@: sanguine armoured, glowing
A: claws 1, powered by pain 1, sanguine armour 1
a: Renounce Religion, Minor Destruction


You were on level 4 of the Dungeon.
You worshipped Makhleb.
Makhleb was pleased with you.
You visited 1 branch of the dungeon, and saw 4 of its levels.

You collected 203 gold pieces.

Inventory:

Missiles
 p - 2 poisoned darts (quivered)
Armour
 a - a +0 robe
 c - an orb of light (worn)
 i - a +0 chain mail
 j - a +0 scale mail (worn)
 B - the +0 helmet "Xysuq" (worn) {rElec Dex+2}
   (You found it on level 3 of the Dungeon)

   Dex:       It affects your dexterity (+2).
   rElec:     It insulates you from electricity.
 C - a +0 pair of gloves (worn)
Jewellery
 u - a +4 ring of protection (left hand)
 w - a ring of protection from fire (right hand)
 y - a ring of wizardry
Scrolls
 d - a scroll of brand weapon {unknown}
 e - 4 scrolls of teleportation {unknown}
 f - a scroll of noise {unknown}
 g - a scroll of silence {unknown}
 l - a scroll of enchant armour {unknown}
 m - a scroll of blinking {unknown}
 o - 4 scrolls of identify {unknown}
 q - 2 scrolls of magic mapping {unknown}
 r - a scroll of butterflies {unknown}
 v - 2 scrolls of immolation {unknown}
 x - a scroll of vulnerability {unknown}
 A - a scroll of fog {unknown}
 D - a scroll of acquirement {unknown}
Potions
 b - a potion of ambrosia
 h - 2 potions of curing {unknown}
 k - a potion of brilliance {unknown}
 n - 2 potions of flight {unknown}
 s - 2 potions of haste {unknown}
 t - 3 potions of lignification {unknown}
 z - a potion of magic {unknown}


   Skills:
 + Level 3.4 Fighting
 + Level 1.2 Armour
 + Level 3.3 Dodging
 * Level 5.3 Unarmed Combat
 + Level 1.8 Invocations


You had 5 spell levels left.
You didn't know any spells.
Your spell library contained the following spells:

 Spells                   Type           Power      Damage    Failure   Level
 Call Canine Familiar     Summ           0%         N/A       99%         3
 Portal Projectile        Hex/Tloc       0%         N/A       99%         3
 Leda's Liquefaction      Hex/Erth       0%         N/A       100%        4


Dungeon Overview and Level Annotations

Branches:
Dungeon (4/15)
 Temple: D:4-7

Altars:
Makhleb
Xom

Annotations:
D:3 1 runed translucent door, Crazy Yiuf


Innate Abilities, Weirdness & Mutations

You have sharp fingernails.
You sometimes gain a little power by taking damage.
When seriously injured, your blood forms armour. (AC +6)


Message History

Your fingernails lengthen.
You feel sick.
You feel sick.
You feel sick.
You feel sick.
You are no longer poisoned.
An ogre comes into view. It is wielding a +0 giant spiked club.
The ogre shouts!
A giant cockroach comes into view.
The ogre moves out of view.
A goblin comes into view. It is wielding a +0 dagger.
The goblin shouts!
The ogre hits you with a +0 giant spiked club!
Okay, then.
You completely miss the ogre.
The ogre hits you with a +0 giant spiked club.
You hit the ogre.
The ogre is lightly wounded.
You hit the ogre but do no damage.
The ogre is lightly wounded.
The ogre hits you but does no damage.
You hit the ogre but do no damage.
The ogre is lightly wounded.
The ogre hits you with a +0 giant spiked club!!
Your blood congeals into armour.
You hit the ogre.
The ogre is moderately wounded.
You hit the ogre but do no damage.
The ogre is moderately wounded.
The ogre barely misses you.
You hit the ogre.
The ogre is moderately wounded.
You punch the ogre!
The ogre is heavily wounded.
The ogre hits you with a +0 giant spiked club!
* * * LOW HITPOINT WARNING * * *
You hit the ogre but do no damage.
The ogre is heavily wounded.
The ogre hits you with a +0 giant spiked club!!
You die...

#......###.#
#.......#..#
#.....#...##
#.....#...#######.
#######.#.........
###.#########.
.######...######
................
######@########
#O# #B# .g. ...
..... .....
.......


You could see an ogre, a giant cockroach and a goblin.

Vanquished Creatures
  A phantom (D:4)
  A scorpion (D:4)
  A crimson imp (D:3)
  2 iguanas (D:4)
  4 adders
  A worm (D:2)
  2 dart slugs (D:4)
  4 endoplasms
  A giant cockroach (D:3)
  5 goblins
  6 hobgoblins
  4 jackals (D:1)
  3 quokkas
  6 ball pythons
  2 bats
  3 frilled lizards (D:3)
  A kobold (D:2)
  4 rats
51 creatures vanquished.

Notes
Turn   | Place    | Note
-------+----------+-------------------------------------------
     0 | D:1      | destino the Demonspawn Monk began the quest for the Orb.
     0 | D:1      | Reached XP level 1. HP: 18/18 MP: 1/1
    53 | D:1      | Reached skill level 3 in Unarmed Combat
    60 | D:1      | Gained mutation: You sometimes gain a little power by
                  | taking damage. [demonic ancestry]
    60 | D:1      | Reached XP level 2. HP: 22/24 MP: 2/2
  1161 | D:2      | Reached XP level 3. HP: 29/29 MP: 3/3
  2013 | D:3      | Reached skill level 4 in Unarmed Combat
  2234 | D:3      | Gained mutation: When seriously injured, your blood forms
                  | armour. (AC +6) [demonic ancestry]
  2234 | D:3      | Reached XP level 4. HP: 34/35 MP: 4/4
  2391 | D:3      | Found a burning altar of Makhleb.
  2391 | D:3      | Found a shimmering altar of Xom.
  2649 | D:3      | Found a runed translucent door.
  2746 | D:3      | Became a worshipper of Makhleb the Destroyer
  2746 | D:3      | Reached * piety under Makhleb
  2746 | D:3      | Reached ** piety under Makhleb
  2861 | D:3      | Identified the +0 helmet "Xysuq" {rElec Dex+2}
  2946 | D:3      | Noticed Crazy Yiuf
  3181 | D:4      | Noticed a scorpion
  3226 | D:4      | Reached XP level 5. HP: 8/41 MP: 5/5
  3394 | D:4      | Reached skill level 5 in Unarmed Combat
  3425 | D:4      | Noticed a phantom
  3441 | D:4      | Killed a phantom
  3442 | D:4      | Reached skill level 1 in Armour
  3442 | D:4      | Reached skill level 1 in Invocations
  3484 | D:4      | Gained mutation: You have sharp fingernails. [demonic
                  | ancestry]
  3484 | D:4      | Reached XP level 6. HP: 40/47 MP: 7/7
  3545 | D:4      | Demolished by an ogre

Illustrated notes

Levels and vault maps discovered:
D:1:      sevenhm_arrival_forest_fort_small_3, layout_basic
D:2:      layout_loops_corners
D:3:      layout_loops_ring, grunt_temple_overflow_champion_of_chaos,
          uniq_crazy_yiuf_cottage
D:4:      layout_rooms, kennysheep_little_box, mainiacjoe_overflow_boulevard,
          minmay_quantized

Skill      XL: |  1  2  3  4  5 |
---------------+----------------+-----
Unarmed Combat | 3 4 5 |  5.3
Dodging        | 3 |  3.3
Armour         | 1 |  1.2
Invocations    | 1 |  1.8
Fighting       | |  3.4

Action                     |  1- 3 |  4- 6 || total
---------------------------+-------+-------++-------
  Melee: Unarmed           |   120 |   109 ||   229
 Armour: Robe              |     3 |       ||     3
         Scale mail        |    30 |    42 ||    72
  Dodge: Dodged            |    71 |    44 ||   115
